 Dungeon Crawl Stone Soup version 0.18-a0-9-gd4dcb6f (webtiles) character file.

5358 Hedron the Thaumaturge (level 10, -2/69 HPs)
             Began as a Purple Draconian Conjurer on Nov 1, 2015.
             Was a Priest of Vehumet.
             Slain by a hell knight
             ... wielding a +1 scimitar of flaming
              (28 damage)
             ... in a volcano.
             The game lasted 00:46:16 (11481 turns).

Hedron the Thaumaturge (Purple Draconian Conjurer) Turns: 11481, Time: 00:46:16

Health: -2/69      AC:  8    Str: 11    XL:     10   Next: 39%
Magic:  10/24      EV: 11    Int: 21    God:    Vehumet [***...]
Gold:   629        SH:  5    Dex: 12    Spells: 7 memorised, 5 levels left

rFire  + . .     SeeInvis .     f - +3 dagger (elec)
rCold  . . .     Clarity  .     (armour unavailable)
rNeg   . . .     SustAt   .     L - +2 buckler
rPois  .         Gourm    +     (helmet restricted)
rElec  .         Spirit   .     (no cloak)
rCorr  .         Warding  .     (no gloves)
rMut   .         Stasis   .     K - +0 pair of boots
MR     +....                    k - amulet of the gourmand
Stlth  ++........               e - ring of protection from fire
                                o - +3 ring of intelligence

@: somewhat resistant to hostile enchantments, unstealthy
A: breathe power, unfitting armour, cold-blooded, AC +7
a: Breathe Dispelling Energy, Renounce Religion


You were in a volcano.
You worshipped Vehumet.
Vehumet was most pleased with you.
You were completely stuffed.

You visited 3 branches of the dungeon, and saw 10 of its levels.
You also visited: Sewer and Volcano.

You collected 629 gold pieces.

Inventory:

Hand Weapons
 f - a +3 dagger of electrocution (weapon)
Missiles
 d - 8 curare-tipped needles
 g - 25 poisoned needles
 l - a throwing net (quivered)
Armour
 K - a +0 pair of boots (worn)
 L - a +2 buckler (worn)
Jewellery
 e - a ring of protection from fire (right hand)
 k - an amulet of the gourmand (around neck)
 m - an uncursed ring of protection from cold
 o - a +3 ring of intelligence (left hand)
 s - an uncursed ring of sustain attributes
Wands
 y - a wand of paralysis (16)
Scrolls
 p - a scroll of fear
 r - 4 scrolls of remove curse
 w - 3 scrolls of teleportation
 C - 2 scrolls of fog
 D - a scroll of recharging
 F - a scroll of blinking
Potions
 j - a potion of heal wounds
 n - 2 potions of curing
 t - 2 potions of agility
 v - 2 potions of berserk rage
 A - 2 potions of might
 E - 2 potions of brilliance
 G - a potion of magic
 H - 2 potions of invisibility
 J - 2 potions of poison {unknown}
 M - a potion of lignification {unknown}
Books
 a - a book of Conjurations

   Spells                             Type                      Level
   a - Magic Dart                     Conjuration                  1
   b - Searing Ray                    Conjuration                  2
   c - Dazzling Spray                 Conjuration/Hexes            3
   d - Fulminant Prism                Conjuration/Hexes            4
   e - Iskenderun's Mystic Blast      Conjuration                  4
   f - Iskenderun's Battlesphere      Conjuration/Charms           5
 x - a book of the Dragon

   Spells                             Type                      Level
   a - Flame Tongue                   Conjuration/Fire             1
   b - Cause Fear                     Hexes                        4
   c - Bolt of Fire                   Conjuration/Fire             6
   d - Dragon Form                    Transmutation                7
   e - Dragon's Call                  Summoning                    9
 z - a book of Unlife

   Spells                             Type                      Level
   a - Recall                         Summoning/Translocation      3
   b - Animate Dead                   Necromancy                   4
   c - Control Undead                 Necromancy                   4
   d - Cigotuvi's Embrace             Necromancy                   5
   e - Death Channel                  Necromancy                   6
   f - Simulacrum                     Ice/Necromancy               6
 B - an Akashic Record

   Spells                             Type                      Level
   a - Dispersal                      Translocation                6
   b - Malign Gateway                 Summoning/Translocation      7
   c - Disjunction                    Translocation                8
   d - Controlled Blink               Translocation                8
Comestibles
 b - 4 bread rations
 c - 9 meat rations
 h - 2 beef jerkies
 i - 5 fruits
 q - a slice of pizza
 u - a royal jelly
 I - 2 chunks of flesh


   Skills:
 - Level 1.7 Dodging
 - Level 1.7 Stealth
 * Level 10.5 Spellcasting
 * Level 10.1 Conjurations
 + Level 6.4 Hexes
 + Level 5.3 Charms
 * Level 1.7 Fire Magic


You had 5 spell levels left.
You knew the following spells:

 Your Spells              Type           Power        Failure   Level  Hunger
a - Magic Dart            Conj           ####         1%          1    None
b - Searing Ray           Conj           ######       1%          2    None
c - Dazzling Spray        Conj/Hex       #####...     1%          3    None
d - Iskenderun's Mystic   Conj           ######..     1%          4    ##.....
e - Fulminant Prism       Conj/Hex       #####.....   1%          4    ##.....
f - Iskenderun's Battles  Conj/Chrm      #####...     4%          5    ####...
g - Bolt of Fire          Conj/Fire      #####.....   56%         6    ######.


Dungeon Overview and Level Annotations

Branches:
Dungeon (8/15)             Temple (1/1) D:5            Lair (1/8) D:8

Altars:
Ashenzari
Cheibriados
Dithmenos
Elyvilon
Fedhas
Gozag
Kikubaaqudgha
Makhleb
Nemelex Xobeh
Okawaru
Qazlal
Ru
Sif Muna
Trog
Vehumet
Xom
Yredelemnul
Zin
The Shining One

Shops:
D:7 %   D:8 *


Innate Abilities, Weirdness & Mutations

You can breathe bolts of dispelling energy.
Your rich purple scales are hard (AC +7).
Your body does not fit into most forms of armour.
You are cold-blooded and may be slowed by cold attacks.


Message History

Your fulminant prism resists.
Your fulminant prism detonates feebly.
Casting: Fulminant Prism
Confirm with . or Enter, or press ? or * to list all spells.
You don't know that spell.
Casting: Fulminant Prism
Confirm with . or Enter, or press ? or * to list all spells.
Okay, then.
Unknown command.
Casting: Fulminant Prism
Confirm with . or Enter, or press ? or * to list all spells.
Aiming: Iskenderun's Mystic Blast
Press: ? - help, Shift-Dir - straight line, f - hell knight
Aim: a hell knight, wielding a scimitar of flaming and wearing a chain mail of fire resistance (moderately wounded, fast)
The orb of energy hits the hell knight.
The hell knight is heavily wounded.
The hell knight hits you with a scimitar of flaming!
The hell knight burns you.
The hell knight hits you with a scimitar of flaming!!
You die...

+.....+ #.≈§§≈≈≈≈ §8_8.
#.§§§≈≈≈§ §.. #.§≈≈≈≈≈§
#§# ###§≈§§≈≈≈≈ #E#
.#.§§§§≈≈≈ #.# #§§≈§§≈≈.
#k# #.≈≈§§..§ #p#
#.≈≈§§.≈§ #@# #.≈§≈.§≈§
#.# #.≈§§§§≈§
#######'########§..≈§≈≈≈
................§≈≈≈§≈≈§
≈≈≈≈≈≈≈≈≈≈≈≈§≈≈≈≈≈≈§≈§≈§
≈§≈≈§§§≈≈§≈≈§§§≈≈≈§§≈§≈§
§§§≈§§≈≈≈§≈≈≈≈§§≈≈§§≈§≈§
≈§§§§≈≈≈≈≈§≈≈≈§§≈≈§≈≈≈≈≈
§§§§≈≈§≈≈§≈≈≈≈≈§§≈§§≈§..


You could see a hell knight, a fire drake and a fire elemental.

Vanquished Creatures
  A spiny frog (Lair:1)
  A fire drake (Lair:1)
  Grinder (D:3)
  Sigmund (D:3)
  Eustachio (D:6)
  3 hippogriffs
  3 orc warriors
  A hell hound (Volcano)
  Purgy (Sewer)
  3 ogres
  2 phantoms
  A necrophage (D:7)
  4 centaurs
  2 giant frogs
  2 gnoll sergeants
  3 scorpions
  13 killer bees
  A crimson imp (D:6)
  3 wights (D:8)
  A centaur zombie (D:5)
  2 gnoll shamans
  A lava snake (Volcano)
  2 hounds
  2 jellies
  3 giant frog skeletons
  3 orc priests
  6 worker ants
  14 orc wizards
  A hound zombie (D:7)
  3 hound skeletons
  A worker ant zombie (D:8)
  11 adders
  24 gnolls
  3 shadow imps
  2 river rats (D:6)
  An adder zombie (D:7)
  3 worms
  8 giant geckos
  42 orcs
  4 ball pythons
  5 bats
  6 giant cockroaches
  13 goblins
  8 hobgoblins
  10 jackals
  5 quokkas
  A giant gecko skeleton (D:8)
  9 giant newts
  11 kobolds
  8 rats
  A butterfly (D:5)
  A fulminant prism (D:6)
262 creatures vanquished.

Vanquished Creatures (others)
  A bat (D:3)
  A rat (D:3)
  40 fulminant prisms
42 creatures vanquished.

Grand Total: 304 creatures vanquished

Notes
Turn   | Place    | Note
--------------------------------------------------------------
     0 | D:1      | Hedron the Draconian Conjurer began the quest for the Orb.
     0 | D:1      | Reached XP level 1. HP: 14/14 MP: 3/3
   458 | D:1      | Reached XP level 2. HP: 20/20 MP: 3/5
   483 | D:1      | Learned a level 2 spell: Searing Ray
  1611 | D:2      | Reached XP level 3. HP: 24/26 MP: 2/6
  1673 | D:2      | Learned a level 3 spell: Dazzling Spray
  2219 | D:2      | Reached XP level 4. HP: 30/33 MP: 4/8
  2513 | D:2      | Found an opulent altar of Gozag.
  2655 | D:2      | Reached skill level 5 in Conjurations
  2831 | D:3      | Noticed Grinder
  2844 | D:3      | Killed Grinder
  2844 | D:3      | Reached skill level 1 in Hexes
  2844 | D:3      | Reached XP level 5. HP: 38/38 MP: 0/11
  2844 | D:3      | Reached XP level 6. HP: 45/45 MP: 0/12
  3162 | D:3      | Found a white marble altar of Elyvilon.
  3213 | D:3      | Reached skill level 6 in Conjurations
  3448 | D:3      | Noticed an ogre
  3454 | D:3      | Killed an ogre
  3523 | D:3      | Learned a level 4 spell: Iskenderun's Mystic Blast
  3621 | D:3      | Noticed Sigmund
  3628 | D:3      | Killed Sigmund
  3628 | D:3      | Reached skill level 5 in Spellcasting
  3628 | D:3      | Your scales start taking on a rich purple colour.
  3628 | D:3      | Reached XP level 7. HP: 50/50 MP: 4/15
  3768 | D:3      | Learned a level 4 spell: Fulminant Prism
  3783 | D:3      | Found a basalt altar of Yredelemnul.
  4471 | D:4      | Reached skill level 7 in Conjurations
  4659 | D:4      | Found a glowing silver altar of Zin.
  5121 | D:4      | Found a sparkling altar of Nemelex Xobeh.
  5151 | D:4      | Reached XP level 8. HP: 57/57 MP: 11/18
  5299 | D:4      | Learned a level 5 spell: Iskenderun's Battlesphere
  5605 | D:5      | Entered Level 5 of the Dungeon
  6069 | D:5      | Reached skill level 1 in Charms
  6228 | D:5      | Found a stormy altar of Qazlal.
  6271 | D:5      | Found a staircase to the Ecumenical Temple.
  6290 | Temple   | Entered the Ecumenical Temple
  6481 | Temple   | Became a worshipper of Vehumet
  7378 | D:6      | Reached skill level 8 in Conjurations
  7719 | D:6      | Reached * piety under Vehumet
  7719 | D:6      | Offered knowledge of Shock by Vehumet.
  7843 | D:6      | Found a glowing drain.
  7868 | Sewer    | Entered a sewer
  7893 | Sewer    | Reached skill level 5 in Hexes
  7905 | Sewer    | Noticed Purgy
  7914 | Sewer    | Killed Purgy
  7914 | Sewer    | Reached XP level 9. HP: 43/62 MP: 12/21
  8192 | D:6      | Found a stormy altar of Qazlal.
  8220 | D:6      | Noticed Eustachio
  8234 | D:6      | Killed Eustachio
  8474 | D:7      | Found Plog's Food Shoppe.
  8624 | D:7      | Found a deep blue altar of Sif Muna.
  8651 | D:7      | Reached skill level 9 in Conjurations
  8651 | D:7      | Offered knowledge of Sting by Vehumet.
  8665 | D:7      | Reached ** piety under Vehumet
  9046 | D:7      | Found a basalt altar of Yredelemnul.
  9701 | D:8      | Found Ridedo's General Store.
  9735 | D:8      | Offered knowledge of Stone Arrow by Vehumet.
  9831 | D:8      | Reached *** piety under Vehumet
  9831 | D:8      | Reached XP level 10. HP: 27/69 MP: 1/23
 10066 | D:8      | Reached skill level 10 in Spellcasting
 10279 | D:8      | Got a transparent war axe
 10280 | D:8      | Identified the +6 war axe "Liegh" {drain, rN+} (You found it on level 8 of the Dungeon)
 10395 | D:8      | Reached skill level 5 in Charms
 10478 | D:8      | Found a staircase to the Lair.
 10805 | D:8      | Reached skill level 10 in Conjurations
 11059 | D:8      | Learned a level 6 spell: Bolt of Fire
 11071 | Lair:1   | Entered Level 1 of the Lair of Beasts
 11089 | Lair:1   | Offered knowledge of Sticky Flame by Vehumet.
 11223 | Lair:1   | Reached skill level 1 in Fire Magic
 11396 | Lair:1   | Found a dark tunnel.
 11402 | Volcano  | Entered a volcano
 11473 | Volcano  | Found a radiant altar of Vehumet.
 11473 | Volcano  | Noticed a hell knight
 11481 | Volcano  | Slain by a hell knight

Vault maps used:
D:1:      dpeg_arrival_leaves_temple_mockup, minivault_4
D:2:      lemuel_doored_altar, first_bread, minmay_goblin_outpost
D:3:      elyvilon_altar_4, lemuel_coloured_pillars_altar,
          kennysheep_generic_room_11, uniq_grinder, uniq_sigmund
D:4:      nemelex_xobeh_ov_fountains_minmay, zin_academy, wad_orctagon
D:5:      corexii_shack_village, minmay_temple_entry_butterflies,
          kennysheep_path_1, lemuel_statue_altar
D:6:      marbit_many_paths, portal_sewer_entry_b, uniq_eustachio
D:7:      overflow_temple_1_default, basic_altar, serial_shops,
          nicolae_shop_trees
D:8:      lair_0_dummy, serial_shops, shop
Temple:   dpeg_five_rooms_temple_12
Lair:1:   enter_volcano_3
Sewer:    sewer_co_purgy_island
Volcano:  volcano_lake

Action                   |  1- 3 |  4- 6 |  7- 9 | 10-12 || total
-------------------------+-------+-------+-------+-------++-------
Melee: Unarmed           |     2 |       |       |       ||     2
       Dagger            |    21 |    21 |    46 |     9 ||    97
 Cast: Magic Dart        |    45 |    40 |   181 |    12 ||   278
       Searing Ray       |    11 |     9 |    38 |     7 ||    65
       Dazzling Spray    |       |     2 |     6 |       ||     8
       Fulminant Prism   |       |       |    30 |    12 ||    42
       Iskenderun's Myst |       |       |    20 |    25 ||    45
       Iskenderun's Batt |       |       |     1 |       ||     1
  Use: Scroll            |       |     2 |    15 |     3 ||    20
       Potion            |       |     1 |       |     3 ||     4
 Stab: Invisible         |       |     1 |       |       ||     1
  Eat: Chunk             |     9 |    12 |    22 |     7 ||    50
